 Dungeon Crawl Stone Soup version 0.32-a0-30-gefbe487952 (webtiles) character file.

Game seed: 5074612137755373845

14933 pokeman the Eclecticist (level 11, -17/64 HPs)
             Began as a Deep Elf Hedge Wizard on Jan 20, 2024.
             Was an Elder of Vehumet.
             Demolished by a two-headed ogre
             ... wielding a +0 giant club
              (21 damage)
             ... on level 12 of the Dungeon.
             The game lasted 00:36:01 (15204 turns).

pokeman the Eclecticist (Deep Elf Hedge Wizard)    Turns: 15204, Time: 00:36:02

Health: -17/64     AC:  8    Str:  7    XL:     11   Next: 95%
Magic:  28/33      EV: 13    Int: 24    God:    Vehumet [****..]
Gold:   794        SH:  0    Dex: 14    Spells: 30/43 levels left

rFire   . . .        K - +9 spear "Sonnow" {holy, Will+++}
rCold   . . .        (no shield)
rNeg    + . .        w - +2 robe {rN+}
rPois   .            s - +0 helmet
rElec   .            v - +0 cloak
rCorr   +            (no gloves)
SInv    .            O - +0 pair of boots
Will    ++++.        V - amulet of magic regeneration
Stlth   ++           D - ring of wizardry
HPRegen 0.30/turn    p - ring of resist corrosion
MPRegen 0.63/turn

%: wizardry (x1)
@: on blink cooldown
A: no striking features
a: Renounce Religion


You were on level 12 of the Dungeon.
You worshipped Vehumet.
Vehumet was greatly pleased with you.
You visited 2 branches of the dungeon, and saw 14 of its levels.
You also visited: Sewer.

You collected 869 gold pieces.
You spent 75 gold pieces at shops.

Inventory:

Hand Weapons
 K - the +9 spear "Sonnow" (weapon) {holy, Will+++}
   (You found it on level 7 of the Dungeon)

   Will+++:   It greatly increases your willpower.
Missiles
 Q - a curare-tipped dart
Armour
 s - a +0 helmet (worn)
 v - a +0 cloak (worn)
 w - a +2 robe of positive energy (worn)
 O - a +0 pair of boots (worn)
 Z - a +0 leather armour of cold resistance
Jewellery
 p - a ring of resist corrosion (right hand)
 D - a ring of wizardry (left hand)
 V - an amulet of magic regeneration (around neck)
Wands
 S - a wand of paralysis (7)
 U - a wand of acid (8)
Scrolls
 g - 3 scrolls of blinking
 i - 6 scrolls of teleportation
 j - 3 scrolls of revelation
 A - 2 scrolls of immolation
 B - a scroll of acquirement {unknown}
 J - a scroll of torment {unknown}
 N - a scroll of amnesia {unknown}
 T - 2 scrolls of enchant armour {unknown}
 Y - a scroll of fog {unknown}
Potions
 b - 2 potions of berserk rage {unknown}
 d - 2 potions of magic
 f - 3 potions of attraction {unknown}
 l - 5 potions of mutation {unknown}
 m - 5 potions of heal wounds {unknown}
 n - 7 potions of brilliance {unknown}
 q - 2 potions of curing {unknown}
 C - 2 potions of might {unknown}
 E - 3 potions of haste {unknown}
 I - a potion of invisibility {unknown}
 X - a potion of degeneration {unknown}


   Skills:
 + Level 5.2 Fighting
 - Level 5.0 Armour
 - Level 3.0 Dodging
 - Level 3.0 Stealth
 * Level 16.6 Spellcasting
 + Level 10.7 Conjurations
 - Level 1.1 Summonings
 - Level 1.0 Necromancy
 - Level 1.1 Translocations
 - Level 1.0 Air Magic
 + Level 6.7 Earth Magic
 - Level 1.0 Alchemy
 - Level 1.0 Evocations


You had 30 spell levels left.
You knew the following spells:

 Your Spells              Type           Power      Damage    Failure   Level
a - Magic Dart            Conj           100%       1d8       0%          1
b - Mephitic Cloud        Conj/Alch/Air  40%        N/A       1%          3
c - Call Imp              Summ           50%        N/A       1%          2
d - Blink                 Tloc           50%        N/A       1%          2
e - Lee's Rapid Deconstr  Erth           25%        3d14*     1%          5

Your spell library contained the following spells:

 Spells                   Type           Power      Damage    Failure   Level
 Airstrike                Air            12%        2d(2-18)  1%          4
 Apportation              Tloc           50%        N/A       1%          1
 Slow                     Hex            80%        N/A       1%          1
 Cigotuvi's Dreadful Rot  Necr/Alch/Air  48%        N/A       1%          2
 Jinxbite                 Hex            40%        N/A       1%          2
 Arcjolt                  Conj/Air       24%        1d34      1%          5
 Yara's Violent Unravell  Hex/Alch       11%        3d6       6%          5
 Vhi's Electric Charge    Tloc/Air       50%        N/A       7%          4
 Alistair's Intoxication  Alch           16%        N/A       19%         5
 Maxwell's Capacitive Co  Air            12%        ∞         99%         8
 Enfeeble                 Hex            10%        N/A       100%        7


Dungeon Overview and Level Annotations

Branches:
Dungeon (13/15)            Temple (1/1) D:4            Lair (0/5) D:11
    Orc (0/2) D:9          Vaults (0/5) D:13          Sewer (visited)

Altars:
Ashenzari
Cheibriados
Dithmenos
Elyvilon
Fedhas
Gozag
Hepliaklqana
Kikubaaqudgha
Makhleb
Nemelex Xobeh
Okawaru
Qazlal
Ru
Sif Muna
Trog
Uskayaw
Vehumet
Wu Jian
Xom
Yredelemnul
Zin
The Shining One

Shops:
D:3 *   D:12 (

Annotations:
D:12 1 runed translucent door
D:13 Nessos


Message History

Aiming: Mephitic Cloud (safe; 1% risk of failure)
Press: ? - help, Shift-Dir - straight line, f - two-headed ogre
Aim: a two-headed ogre, wielding two +0 giant clubs (lightly wounded, chance to affect: 53%)
The ball explodes into a vile cloud!
The stinking cloud engulfs the two-headed ogre.
The two-headed ogre is lightly wounded.
The stinking cloud engulfs you.
You are engulfed in noxious fumes.
You choke on the stench!
You are confused.
The two-headed ogre is engulfed in noxious fumes.
The two-headed ogre appears confused.
Unknown command.
You feel less confused.
The human is engulfed in noxious fumes.
The human appears confused.
The human gestures wildly.
The two-headed ogre is engulfed in noxious fumes.
The human is engulfed in noxious fumes.
The human is engulfed in noxious fumes.
The two-headed ogre wonders, "What am I doing in here?"
You feel ready to blink again.
The two-headed ogre seems less confused.
The human is engulfed in noxious fumes.
The two-headed ogre attacks as it pursues you!
The two-headed ogre closely misses you. x2
Your magical contamination has completely faded away.
The two-headed ogre attacks as it pursues you!
The two-headed ogre hits you with a +0 giant club.
* * * LOW HITPOINT WARNING * * *
The two-headed ogre barely misses you.
Unknown command.
Casting: Mephitic Cloud (safe; 1% risk of failure)
Confirm with . or Enter, or press ? or * to list all spells.
You blink.
Casting: Blink (safe; 1% risk of failure)
Confirm with . or Enter, or press ? or * to list all spells.
A tiny devil pulls itself out of the air.
The two-headed ogre hits you with a +0 giant club!
* * * LOW HITPOINT WARNING * * *
The two-headed ogre hits you with a +0 giant club!!
You die...

..###..# ##.............##.###.
.###...# #.........#....#.###..
.###...#####.......#####..#.##..#
.##......##........# ##.#...#..
...................# ###.#######
...................# ##..........
.................5.###...........
....................#............
...........§....@................
..###..(.>.p.....O§..............
### ##..###.○....................
# ##.# ###.................... #
#.# ##.................... # ###
#.#####............... # ###
#.#.............. #
###.............. ##.............


You could see a two-headed ogre (ally target), a human (confused) and a friendly
cerulean imp (summoned).

Vanquished Creatures
  A boulder beetle (D:10)
  3 two-headed ogres
  An ugly thing (D:12)
  4 cyclopes
  Maurice (D:8)
  An unseen horror (D:10)
  A gargoyle (D:12)
  Jeremiah (D:9)
  Psyche (D:8)
  2 kobold demonologists (D:7)
  2 unseen horror zombies (D:8)
  3 trolls
  A hornet (D:10)
  Sigmund (D:3)
  A vampire (D:10)
  2 wraiths
  A wyvern (D:10)
  3 steam dragons
  8 yaks
  A human (D:13)
  2 acid dragons
  Pargi (Sewer)
  A hornet zombie (D:8)
  5 orc warriors
  A sky beast (D:8)
  2 ice beasts (D:7)
  2 ogres
  A black bear (D:6)
  8 centaurs
  2 phantoms (D:5)
  4 bullfrogs
  3 kobold brigands
  2 brain worms (Sewer)
  A wyvern zombie (D:8)
  2 scorpions
  5 wights
  A burial acolyte (D:8)
  A howler monkey (D:5)
  A centaur zombie (D:8)
  6 hounds
  3 bombardier beetles
  9 orc priests
  5 jellies
  2 sleepcaps (D:7)
  An iguana (D:5)
  Natasha (thrice) (D:4)
  10 orc wizards
  4 killer bee zombies (D:8)
  2 hound zombies (D:8)
  A howler monkey zombie (D:8)
  Robin (D:3)
  14 adders
  4 gnolls (D:7)
  7 shadow imps
  4 white imps
  4 ufetubi (D:6)
  An adder zombie (D:8)
  4 ribbon worms
  34 orcs
  5 bats
  4 endoplasms
  A giant cockroach (D:1)
  4 gnoll zombies (D:8)
  12 goblins
  9 hobgoblins
  9 quokkas
  14 ball pythons
  8 frilled lizards
  15 kobolds
  12 rats
296 creatures vanquished.

Vanquished Creatures (collateral kills)
  2 water moccasins
  An orc (D:5)
3 creatures vanquished.

Grand Total: 299 creatures vanquished

Notes
Turn   | Place    | Note
-------+----------+-------------------------------------------
     0 | D:1      | pokeman the Deep Elf Hedge Wizard began the quest for the
                  | Orb.
     0 | D:1      | Reached XP level 1. HP: 10/10 MP: 7/7
   227 | D:1      | Found a faded altar of an unknown god.
   334 | D:1      | Reached XP level 2. HP: 16/16 MP: 6/9
  1216 | D:2      | Reached skill level 5 in Spellcasting
  1216 | D:2      | Reached XP level 3. HP: 20/20 MP: 1/11
  1542 | D:2      | Learned a level 3 spell: Mephitic Cloud
  1545 | D:2      | Learned a level 2 spell: Call Imp
  1552 | D:2      | Reached skill level 1 in Fighting
  1555 | D:2      | Learned a level 2 spell: Blink
  1650 | D:2      | Reached skill level 1 in Armour
  2122 | D:3      | Noticed a scorpion
  2278 | D:3      | Identified the +2 mace of Eternal Night {antimagic, rElec
                  | Will+++ Dex+3}
  2593 | D:3      | Found Qaesaw's General Store.
  2628 | D:3      | Killed a scorpion
  2629 | D:3      | Reached XP level 4. HP: 25/25 MP: 6/13
  2719 | D:3      | Found a shimmering blue altar of Sif Muna.
  2719 | D:3      | Found a burning altar of Makhleb.
  2731 | D:3      | Noticed Sigmund
  2755 | D:3      | Killed Sigmund
  2756 | D:3      | Reached XP level 5. HP: 18/29 MP: 13/15
  2756 | D:3      | Reached XP level 6. HP: 21/34 MP: 13/16
  2814 | D:3      | Reached skill level 6 in Spellcasting
  3043 | D:3      | Noticed Robin
  3063 | D:3      | Killed Robin
  3625 | D:4      | Noticed Natasha
  3629 | D:4      | Killed Natasha
  3630 | D:4      | Reached skill level 5 in Conjurations
  3634 | D:4      | Noticed Natasha
  3640 | D:4      | Killed Natasha
  3641 | D:4      | Reached skill level 1 in Evocations
  3698 | D:4      | Found a radiant altar of Vehumet.
  3703 | D:4      | Became a worshipper of Vehumet
  3725 | D:4      | Reached skill level 1 in Air Magic
  3725 | D:4      | Reached skill level 1 in Alchemy
  3846 | D:4      | Found a staircase to the Ecumenical Temple.
  3911 | D:4      | Noticed Natasha
  3915 | D:4      | Killed Natasha
  4207 | D:4      | Noticed an orc warrior
  4211 | D:4      | Reached XP level 7. HP: 38/38 MP: 14/19
  4227 | D:4      | Reached skill level 7 in Spellcasting
  4372 | D:5      | Entered Level 5 of the Dungeon
  4550 | D:5      | Reached * piety under Vehumet
  4550 | D:5      | Offered knowledge of Kiss of Death by Vehumet.
  4553 | D:5      | Found a glowing drain.
  4557 | Sewer    | Entered a sewer
  4668 | Sewer    | Reached skill level 8 in Spellcasting
  4741 | Sewer    | Noticed Pargi
  4791 | Sewer    | Killed Pargi
  5038 | D:5      | Reached XP level 8. HP: 41/44 MP: 11/22
  5305 | D:5      | Reached skill level 9 in Spellcasting
  5867 | D:6      | Reached skill level 10 in Spellcasting
  6137 | D:6      | Offered knowledge of Searing Ray by Vehumet.
  6175 | D:6      | Reached ** piety under Vehumet
  6348 | D:6      | Reached XP level 9. HP: 49/49 MP: 18/25
  6426 | D:6      | Reached skill level 11 in Spellcasting
  6927 | D:7      | Found a transporter.
  6928 | D:7      | Noticed a kobold demonologist
  6930 | D:7      | Noticed a kobold demonologist
  7252 | D:7      | Offered knowledge of Scorch by Vehumet.
  7413 | D:7      | Identified the +9 spear "Sonnow" {holy, Will+++}
  7520 | D:7      | Found a transporter.
  7523 | D:7      | Found an ornate altar of the Wu Jian Council.
  7786 | D:7      | Found a shimmering altar of Xom.
  7876 | D:7      | Found an iron altar of Okawaru.
  8032 | D:7      | Killed a kobold demonologist
  8033 | D:7      | Reached skill level 12 in Spellcasting
  8043 | D:7      | Killed a kobold demonologist
  8307 | D:8      | Noticed Psyche
  8316 | D:8      | Killed Psyche
  8317 | D:8      | Reached skill level 1 in Earth Magic
  8509 | D:8      | Reached skill level 13 in Spellcasting
  8535 | D:8      | Reached *** piety under Vehumet
  8698 | D:8      | Reached XP level 10. HP: 26/56 MP: 27/29
  8716 | D:8      | Offered knowledge of Inner Flame by Vehumet.
  9369 | D:8      | Noticed Maurice
  9382 | D:8      | Killed Maurice
  9382 | D:8      | Reached **** piety under Vehumet
  9497 | D:8      | Found an ancient bone altar of Kikubaaqudgha.
  9658 | D:8      | Reached skill level 14 in Spellcasting
 10037 | D:9      | Offered knowledge of Lee's Rapid Deconstruction by Vehumet.
 10052 | D:9      | Learned a level 5 spell: Lee's Rapid Deconstruction
 10120 | D:9      | Found a bloodstained altar of Trog.
 10360 | D:9      | Noticed Jeremiah
 10374 | D:9      | Killed Jeremiah
 10587 | D:9      | Found a staircase to the Orcish Mines.
 10857 | D:10     | Entered Level 10 of the Dungeon
 11059 | D:10     | Reached XP level 11. HP: 33/61 MP: 1/31
 11309 | D:10     | Reached ***** piety under Vehumet
 11309 | D:10     | Offered knowledge of Airstrike by Vehumet.
 11310 | D:10     | Reached skill level 15 in Spellcasting
 11422 | D:10     | Noticed a two-headed ogre
 11433 | D:10     | Killed a two-headed ogre
 11434 | D:10     | Reached skill level 5 in Earth Magic
 11560 | D:10     | Reached skill level 5 in Armour
 11627 | D:10     | Reached skill level 10 in Conjurations
 12000 | D:10     | Found a blossoming altar of Fedhas.
 12073 | D:11     | Noticed a boulder beetle
 12097 | D:10     | Killed a boulder beetle
 12450 | D:11     | Noticed a two-headed ogre
 12461 | D:11     | Killed a two-headed ogre
 12727 | D:11     | Found a staircase to the Lair.
 12910 | D:12     | Reached skill level 16 in Spellcasting
 12989 | D:12     | Identified the +4 broad axe of Annoyance {pain, +Blink}
 13283 | D:12     | Reached skill level 1 in Necromancy
 13493 | D:12     | Found Demmun's Antique Weapon Emporium.
 13523 | D:12     | Reached skill level 5 in Fighting
 14049 | D:12     | Noticed a two-headed ogre
 14052 | D:12     | Killed a two-headed ogre
 14241 | D:12     | Noticed a purple ugly thing
 14261 | D:12     | Killed a purple ugly thing
 14418 | D:12     | Noticed a deep elf high priest
 14418 | D:12     | Noticed an ettin
 14418 | D:12     | Noticed a storm dragon
 14419 | D:12     | Found a runed translucent door.
 14420 | D:12     | Noticed a fire giant
 14421 | D:12     | Noticed a shadow dragon
 14421 | D:12     | Noticed a catoblepas
 14421 | D:12     | Noticed a fire giant
 14421 | D:12     | Noticed a flayed ghost
 14813 | Temple   | Entered the Ecumenical Temple
 14856 | D:3      | Bought a scroll of revelation for 75 gold pieces
 15106 | D:13     | Noticed Nessos
 15106 | D:13     | Noticed an orc knight
 15106 | D:13     | Noticed a two-headed ogre
 15106 | D:13     | Noticed a fire dragon
 15106 | D:13     | Noticed a white ugly thing
 15106 | D:13     | Found a gate to the Vaults.
 15188 | D:13     | Noticed a centaur warrior
 15204 | D:12     | Demolished by a two-headed ogre

Illustrated notes

Levels and vault maps discovered:
D:1:      minmay_arrival_hallway, layout_basic,
          nicolae_ecumenical_snake_handling, hex_tiny
D:2:      layout_basic
D:3:      layout_basic, jmf_multi_god_temple, serial_shops, shop, uniq_robin,
          uniq_sigmund
D:4:      layout_rooms, lemuel_doored_altar, minmay_temple_entry_waves,
          nicolae_nh_ransacked_shop, uniq_natasha
D:5:      layout_rooms, gup_sewer_entry_spiral, minmay_diced_spiral
D:6:      layout_gridville, nicolae_half_adder
D:7:      gammafunk_wand_slinger, layout_basic, lemuel_coloured_pillars_altar,
          pdpol_wu_jian_five_deadly_venoms, nicolae_overflow_hidden_temple
D:8:      layout_cave_pods, regret_index_kikubaaqudgha_part_by_part,
          serial_undead, serial_undead_c, serial_undead_f, serial_undead_a,
          serial_undead_a, serial_undead_c, uniq_maurice, uniq_psyche
D:9:      layout_basic, lemuel_crystal_altar, hiddenorc1_lemuel,
          hangedman_decor_points, kennysheep_generic_room_14, uniq_jeremiah
D:10:     layout_cave_pools, marbit_many_paths, small_statue_alley_a,
          lightli_minifort
D:11:     layout_cave_pools, lair_entry_dummy
D:12:     minmay_gate_of_8, layout_layer_cave, serial_shops,
          nicolae_shop_hallway_stairs, minivault_27
D:13:     layout_irregular_city, david_vaults_3, serial_shops, shop_fountains,
          vehumet_crystals, uniq_nessos
Temple:   nicolae_temple_god_jail

Skill      XL: |  1  2  3  4  5  6  7  8  9 10 11 |
---------------+----------------------------------+-----
Spellcasting   | 5 6 8 10 13 14 16 | 16.6
Fighting       | 1 2 4 5 |  5.2
Conjurations   | 2 4 5 6 7 8 9 10 | 10.7
Armour         | 1 3 4 5 |  5.0
Dodging        | 3 |  3.0
Stealth        | 3 |  3.0
Evocations     | 1 |  1.0
Air Magic      | 1 |  1.0
Alchemy        | 1 |  1.0
Earth Magic    | 1 4 6 |  6.7
Necromancy     | 1 |  1.0
Summonings     | |  1.1
Translocations | |  1.1

Action                     |  1- 3 |  4- 6 |  7- 9 | 10-12 || total
---------------------------+-------+-------+-------+-------++-------
  Melee: Dagger            |    32 |    18 |    47 |     8 ||   105
         Punch             |     1 |       |     2 |     6 ||     9
         Hand axe          |       |       |    72 |       ||    72
         Spear             |       |       |    35 |   251 ||   286
   Cast: Magic Dart        |   113 |    85 |   260 |   110 ||   568
         Mephitic Cloud    |     3 |     3 |    26 |    42 ||    74
         Call Imp          |     1 |       |     8 |     4 ||    13
         Lee's Rapid Decon |       |       |       |    70 ||    70
         Blink             |       |       |       |     3 ||     3
  Evoke: Wand              |       |     1 |     1 |       ||     2
    Use: Scroll            |       |       |       |     9 ||     9
   Stab: Sleeping          |     1 |     1 |     1 |       ||     3
         Confused          |     5 |     3 |    14 |    25 ||    47
         Distracted        |       |       |     1 |       ||     1
 Armour: Robe              |    22 |    12 |   112 |   179 ||   325
  Dodge: Dodged            |    24 |    16 |   122 |   159 ||   321
  Block: Other             |    13 |     2 |    31 |    34 ||    80
         Reflection        |     2 |       |     1 |     1 ||     4

Table legend: (Time is in decaauts)
 A = Elapsed time spent in this place.
 B = Non-inter-level travel time spent in this place.
 C = Inter-level travel time spent in this place.
 D = Time resting spent in this place.
 E = Time spent auto-exploring this place.
 F = Levels seen in this place.
 G = Mean time per level.
                   A        B        C        D        E       F      G
               +--------+--------+--------+--------+--------+-----+--------+
         Total |  15352 |  14529 |    823 |    543 |  11417 |  15 | 1023.5 |
       Dungeon |  14888 |  14079 |    809 |    543 |  11118 |  13 | 1145.2 |
        Temple |     56 |     43 |     13 |      0 |      0 |   1 |   56.0 |
         Sewer |    408 |    408 |      0 |      0 |    299 |   1 |  408.0 |
               +--------+--------+--------+--------+--------+-----+--------+

Top non-repeatable levels by time:
    D:12: 1933 daAuts
     D:8: 1671 daAuts
     D:7: 1473 daAuts
     D:3: 1412 daAuts
    D:10: 1352 daAuts
     D:1: 1139 daAuts
     D:6: 1120 daAuts
     D:5: 1087 daAuts
     D:9: 1025 daAuts
     D:2: 1021 daAuts
     D:4: 913 daAuts
    D:11: 686 daAuts
   Sewer: 408 daAuts
  Temple: 56 daAuts
    D:13: 49 daAuts
